 Dungeon Crawl Stone Soup version 0.29.1-13-g9f3cf754e1 (webtiles) character file.

Game seed: 7053200273562867198

97915 croobank the Envoy of Void (level 16, -3/129 HPs)
             Began as a Gnoll Abyssal Knight on Jan 27, 2023.
             Was a High Priest of Lugonu.
             Slain by a small abomination (14 damage)
             ... on level 1 of the Abyss on Jan 28, 2023.
             The game lasted 03:23:33 (32851 turns).

croobank the Envoy of Void (Gnoll Abyssal Knight)  Turns: 32851, Time: 03:23:33

Health: -3/129     AC: 19    Str: 17    XL:     16   Next: 20%
Magic:  30/40      EV:  8    Int: 16    God:    Lugonu [*****.]
Gold:   2262       SH: 29    Dex: 11    Spells: 21/37 levels left

rFire   + + +      SeeInvis .   K - +1 demon whip (venom)
rCold   + + +      Faith    .   C - +18 shield of the Gong {rElec rN+ Will+ EV-5}
rNeg    + . .      Spirit   .   N - +2 ring mail "Quxi" {Rampage rPois rF+ Will++}
rPois   +          Reflect  .   x - +2 hat {Stlth+}
rElec   +          Harm     .   g - +1 cloak
rCorr   .          Rampage  +   m - +1 pair of gloves of Pessimism {rElec rF+ rC-}
Will    ++++.                   R - +1 pair of boots of Omission {MP+9}
Stlth   +++++.....              d - amulet "Hunniek" {rElec rC+++ Regen+ Str+4 Dex-3}
HPRegen 1.11/turn               w - ring of protection from fire
MPRegen 0.27/turn               y - ring of protection from cold

@: mighty, studying Axes
A: fangs 1, strong nose, distributed training
a: Renounce Religion, Depart the Abyss, Bend Space, Banish, Corrupt, Enter the
Abyss


You were on level 1 of the Abyss.
You worshipped Lugonu.
Lugonu was extremely pleased with you.
You visited 2 branches of the dungeon, and saw 20 of its levels.
You visited the Abyss 2 times.
You also visited: Sewer, Gauntlet and Ice Cave.

You collected 2262 gold pieces.

Inventory:

Hand Weapons
 a - the +4 long sword "Arbiter" {vorpal, rElec Dex+8}
   (You found it on level 3 of the Lair of Beasts)

   It inflicts extra damage upon your enemies.
   Dex:       It affects your dexterity (+8).
   rElec:     It insulates you from electricity.
 c - the +3 Elemental Staff {rElec rF++ rC++ AC+5}
   (You acquired it on level 1 of the Lair of Beasts)

   If the wielder is skilled in Evocations, they can discharge powerful blasts
   of elemental energy when striking with it.
   It enhances your fire, ice, earth and air magic.
   AC:        It affects your AC (+5).
   rF:        It greatly protects you from fire.
   rC:        It greatly protects you from cold.
   rElec:     It insulates you from electricity.
 e - a +2 double sword of holy wrath
 k - a +0 vorpal war axe
 l - a +7 flail of freezing
 K - a +1 demon whip of venom (weapon)
 T - a +5 great mace of holy wrath
 V - a +4 short sword of distortion
Missiles
 J - 4 javelins
Armour
 g - a +1 cloak (worn)
 m - the +1 pair of gloves of Pessimism (worn) {rElec rF+ rC-}
   (You acquired it on level 4 of the Dungeon)

   rF:        It protects you from fire.
   rC:        It makes you vulnerable to cold.
   rElec:     It insulates you from electricity.
 x - a +2 hat of stealth (worn)
 C - the +18 shield of the Gong (worn) {rElec rN+ Will+ EV-5}
   (You found it on level 5 of the Lair of Beasts)

   It is deafeningly noisy when blocking attacks.
   EV:        It affects your evasion (-5).
   rElec:     It insulates you from electricity.
   rN:        It protects you from negative energy.
   Will:      It increases your willpower.
 N - the +2 ring mail "Quxi" (worn) {Rampage rPois rF+ Will++}
   (You took it off an orc on level 7 of the Dungeon)

   rF:        It protects you from fire.
   rPois:     It protects you from poison.
   Rampage:   It bestows one free step when moving towards enemies.
   Will:      It greatly increases your willpower.
 R - the +1 pair of boots of Omission (worn) {MP+9}
   (You found it in an ice cave)

   MP:        It affects your magic capacity (+9).
Jewellery
 d - the amulet "Hunniek" (around neck) {rElec rC+++ Regen+ Str+4 Dex-3}
   (You acquired it on level 3 of the Lair of Beasts)

   [amulet of regeneration]

   Str:       It affects your strength (+4).
   Dex:       It affects your dexterity (-3).
   rC:        It renders you almost immune to cold.
   rElec:     It insulates you from electricity.
   Regen:     It increases your rate of health regeneration.
 h - a ring of resist corrosion
 o - a +6 ring of intelligence
 w - a ring of protection from fire (left hand)
 y - a ring of protection from cold (right hand)
 F - a ring of willpower
 M - an amulet of guardian spirit
 S - a ring of see invisible
Wands
 p - a wand of mindburst (8)
 E - a wand of iceblast (13)
 I - a wand of flame (47)
Scrolls
 i - a scroll of teleportation
 j - 7 scrolls of vulnerability
 r - a scroll of silence
 s - a scroll of amnesia
 A - a scroll of enchant armour
 Q - 3 scrolls of magic mapping
 U - 9 scrolls of identify
Potions
 t - 12 potions of mutation
 z - 2 potions of lignification
 B - 5 potions of brilliance
 G - 3 potions of flight
 H - a potion of attraction
 O - 3 potions of magic
Miscellaneous
 f - a condenser vane (inert)
 v - a lightning rod (3/4)
 L - a phial of floods (inert)
 Y - a phantom mirror (inert)
 Z - a tin of tremorstones (1/2)


   Skills:
 + Level 12.8 Fighting
 + Level 12.0 Short Blades
 + Level 11.1 Long Blades
 + Level 12.1 Axes
 + Level 11.1 Maces & Flails
 + Level 11.1 Polearms
 + Level 11.1 Staves
 + Level 11.1 Ranged Weapons
 + Level 11.1 Throwing
 + Level 12.0 Armour
 + Level 11.4 Dodging
 + Level 11.1 Stealth
 + Level 11.1 Shields
 + Level 11.1 Unarmed Combat
 + Level 11.1 Spellcasting
 + Level 9.3 Conjurations
 + Level 9.3 Hexes
 + Level 9.3 Summonings
 + Level 9.3 Necromancy
 + Level 9.3 Translocations
 + Level 9.3 Transmutations
 + Level 9.3 Fire Magic
 + Level 9.3 Ice Magic
 + Level 9.3 Air Magic
 + Level 9.3 Earth Magic
 + Level 9.3 Poison Magic
 + Level 12.8 Invocations
 + Level 11.1 Evocations


You had 21 spell levels left.
You knew the following spells:

 Your Spells              Type           Power      Damage    Failure   Level
a - Mephitic Cloud        Conj/Pois/Air  38%        N/A       1%          3
b - Blink                 Tloc           76%        N/A       1%          2
c - Summon Ice Beast      Ice/Summ       38%        N/A       6%          4
d - Frozen Ramparts       Ice            76%        1d12      1%          3
e - Ice Form              Ice/Tmut       38%        N/A       6%          4

Your spell library contained the following spells:

 Spells                   Type           Power      Damage    Failure   Level
 Magic Dart               Conj           100%       1d8       1%          1
 Call Imp                 Summ           38%        N/A       1%          2
 Lesser Beckoning         Tloc           38%        N/A       1%          3
 Ozocubu's Armour         Ice            38%        N/A       1%          3
 Manifold Assault         Tloc           38%        N/A       16%         5
 Simulacrum               Ice/Necr       19%        N/A       65%         6


Dungeon Overview and Level Annotations

Branches:
Dungeon (15/15)            Temple (0/1) D:7            Lair (5/5) D:11
 Shoals (0/4) Lair:3        Snake (0/4) Lair:2        Slime (0/5) Lair:4
    Orc (0/2) D:10         Vaults (0/5) D:14          Sewer (visited)
  IceCv (visited)         Gauntlet (visited)
 Depths: D:15

Altars:
Ashenzari
Elyvilon
Fedhas
Kikubaaqudgha
Makhleb
Okawaru
Qazlal
Ru
Trog
Uskayaw
Vehumet
Wu Jian
Yredelemnul
Zin
Jiyva
Lugonu

Portals:
Abyss: Lair:5

Annotations:
D:6 corrupted
D:7 2 transporters, EmilyW's ghost, novice MiFi
D:8 corrupted
D:9 1 runed translucent door, bubby's ghost, novice VSFi
D:11 corrupted
D:14 corrupted
Lair:3 corrupted
Lair:5 corrupted


Innate Abilities, Weirdness & Mutations

You have very sharp teeth.
Your uncanny sense of smell can sniff out nearby items.
Your experience applies equally to all skills.


Message History

Casting: Frozen Ramparts (safe; 1% risk of failure)
Confirm with . or Enter, or press ? or * to list all spells.
Okay, then.
Your +1 demon whip of venom begins to drip with poison!
K - a +1 demon whip of venom (weapon)
You block the wolf's attack.
GONNNNG!
You hear a roar!
You hit the wolf.
The wolf is poisoned.
The wolf is lightly wounded.
You block the wolf spider's attack.
GONNNNG!
The wolf spider bites you!
* * * LOW HITPOINT WARNING * * *
A large abomination comes into view.
The wolf spider attacks as you move away!
You block the wolf spider's attack.
BONNNG!
The wolf spider bites you but does no damage.
The wolf spider disappears in a puff of smoke!
You block the large abomination's attack.
GONNNNG!
The wolf spider hits you.
* * * LOW HITPOINT WARNING * * *
You block the wolf spider's attack.
BOUMMMMG!
You hear a faint skittering sound.
You hear a bellow!
You hear a roar!
The wolf pauses to sniff the ground.
The wolf bites you but does no damage.
The worldbinder calls forth creatures from the Spider Nest!
The wolf spider attacks as you move away!
You block the wolf spider's attack.
GONNNNG!
The wolf spider bites you but does no damage.
You hear a roar!
The wolf spider disappears in a puff of smoke!
You block the wolf's attack.
GONNNNG!
The worldbinder calls forth creatures from the Spider Nest!
The small abomination hits you!
You die...

# # . # ##. # #
######.### ....
#........###..# ...
#....... ♣..#. ....
####............#.
.....##.##..s........†∆.
.....'.@##..........#Y#
.....##xh#....~....## ##
... ##..YxX.4....#..# #
#.#s........#..#.
######.####...... #.#
#~. ≈##. ... ##.##.#.
.#..#. ## ##. .....# ..
∆


You could see a death yak, a wolf spider (summoned), a small abomination and a
wolf (poisoned).

Vanquished Creatures
  Rupert (Lair:4)
  Gastronok (D:8)
  Nessos (D:14)
  3 vault guards (D:14)
  4 hydras
  A rakshasa (D:14)
  An ogre mage (D:14)
  8 centaur warriors
  Erica (Lair:2)
  3 boulder beetles
  5 two-headed ogres
  A death knight (D:14)
  A catoblepas (Lair:3)
  5 death yaks (Lair:3)
  A thrashing horror (Lair:5)
  4 skeletal warriors (D:14)
  Lodul (D:12)
  A fire crab (Abyss:1)
  2 bog bodies (IceCv)
  A glowing orange brain (D:14)
  2 orc knights
  6 deep elf pyromancers
  A deep elf zephyrmancer (D:10)
  A mana viper (shapeshifter) (D:13)
  16 ugly things
  A moth of wrath (shapeshifter) (Lair:5)
  2 oklob plants
  A salamander (shapeshifter) (Lair:5)
  3 manticores
  4 cyclopes
  9 elephants
  An ice statue (Lair:5)
  Maurice (D:11)
  4 black mambas (Lair:2)
  A water nymph (shapeshifter) (Lair:5)
  2 gargoyles
  A smoke demon (Lair:5)
  A cane toad (shapeshifter) (Abyss:1)
  An unseen horror (D:10)
  8 cane toads
  3 rime drakes
  Psyche (D:12)
  9 komodo dragons
  An ice devil (Lair:5)
  3 freezing wraiths
  2 ancient zymes
  A tengu conjurer (D:13)
  A large abomination (Lair:5)
  5 meliai
  4 trolls
  A merfolk (Lair:3)
  Grinder (D:5)
  20 blink frogs
  5 polar bears
  7 dream sheep
  3 raiju (Abyss:1)
  3 slime creatures
  A centaur simulacrum (D:14)
  A spriggan (shapeshifter) (Lair:5)
  2 wraiths
  7 spriggans
  20 yaks
  5 shadows
  Eustachio (D:5)
  A dire elephant simulacrum (IceCv)
  5 basilisks
  3 vampires
  A human (D:14)
  A chaos spawn (Lair:5)
  4 wyverns
  3 vampire mosquitoes (D:12)
  A harpy simulacrum (IceCv)
  14 water moccasins
  An acid dragon (D:10)
  2 orc warriors
  2 hydra simulacra (IceCv)
  5 ice beasts
  A swamp drake (D:10)
  A sky beast (D:7)
  12 ogres
  11 wolves
  11 centaurs
  A phantom (D:7)
  Blork the orc (D:6)
  13 bullfrogs
  A kobold brigand (Sewer)
  A gnoll sergeant (D:9)
  A scorpion (D:4)
  10 small abominations
  5 wights (D:6)
  An elephant simulacrum (IceCv)
  6 killer bees (D:9)
  3 electric eels
  6 howler monkeys
  A crimson imp (D:10)
  4 hounds
  2 jellies
  An iron imp (D:10)
  9 orc priests
  Ijyb (D:5)
  5 orc wizards
  5 iguanas
  4 spriggan simulacra (IceCv)
  A wolf simulacrum (IceCv)
  4 troll simulacra (IceCv)
  2 polar bear simulacra (IceCv)
  7 ogre zombies (D:10)
  6 gnolls
  4 adders
  7 naga simulacra (IceCv)
  3 river rats (Sewer)
  A shadow imp (D:10)
  9 white imps
  8 ufetubi
  4 worms
  5 dart slugs
  32 orcs
  6 giant cockroaches
  10 goblins
  6 hobgoblins
  4 jackals (D:3)
  17 kobolds
  6 quokkas
  13 ball pythons
  9 bats
  5 frilled lizards
  2 goblin skeletons (D:10)
  A goblin zombie (D:10)
  5 hobgoblin zombies (D:10)
  3 orc skeletons (D:10)
  13 orc zombies (D:10)
  42 rats
614 creatures vanquished.

Vanquished Creatures (collateral kills)
  A hydra (Lair:4)
  A death yak (Abyss:1)
  A torpor snail (Lair:3)
  4 blink frogs
  3 dream sheep (Lair:5)
  A yak (Abyss:1)
  A wyvern (Abyss:1)
  A small abomination (Abyss:1)
  A gnoll sergeant (D:12)
  An elephant simulacrum (IceCv)
  A gnoll (D:12)
  3 naga simulacra (IceCv)
  2 white imps (IceCv)
  2 ufetubi (IceCv)
23 creatures vanquished.

Vanquished Creatures (others)
  A hydra (D:11)
  A vault guard (D:14)
  A centaur warrior (D:14)
  A catoblepas (Lair:5)
  2 death yaks (Lair:3)
  Amaemon (D:8)
  A wizard (D:14)
  An ugly thing (D:14)
  A black mamba (Lair:1)
  Joseph (D:8)
  A cane toad (Lair:3)
  An orange demon (D:8)
  An unseen horror (shapeshifter) (D:14)
  2 torpor snails
  2 rime drakes (Lair:3)
  A komodo dragon (Lair:5)
  2 meliai (D:14)
  A blink frog (Abyss:1)
  4 dream sheep (Lair:5)
  A wyvern (D:8)
  4 yaks
  Menkaure (D:6)
  2 acid dragons (D:11)
  A water moccasin (Lair:5)
  2 orc warriors
  2 humans
  An ogre (D:6)
  3 centaurs (D:8)
  A kobold brigand (D:6)
  2 bullfrogs (D:8)
  3 wights (D:6)
  2 howler monkeys
  A quasit (Abyss:1)
  A hound (D:6)
  A gnoll bouda (D:6)
  2 iguanas (D:6)
  4 troll simulacra (IceCv)
  3 gnolls (D:6)
  A naga simulacrum (IceCv)
  A shadow imp (D:6)
  8 orcs
  6 kobolds (D:6)
  2 bushes
  3 butterflies
  39 fungi
  77 plants
  20 starspawn tentacles
220 creatures vanquished.

Grand Total: 857 creatures vanquished

Notes
Turn   | Place    | Note
-------+----------+-------------------------------------------
     0 | Abyss:1  | croobank the Gnoll Abyssal Knight began the quest for the
                  | Orb.
     0 | Abyss:1  | Reached XP level 1. HP: 23/23 MP: 3/3
    26 | Abyss:1  | Found a corrupted altar of Lugonu.
    38 | D:1      | Escaped the Abyss
   188 | D:1      | Reached XP level 2. HP: 29/29 MP: 5/5
   353 | D:1      | Reached *** piety under Lugonu
   754 | D:2      | Reached XP level 3. HP: 35/35 MP: 6/6
  1269 | D:2      | Reached skill level 1 in Long Blades
  1269 | D:2      | Reached skill level 1 in Axes
  1269 | D:2      | Reached skill level 1 in Maces & Flails
  1269 | D:2      | Reached skill level 1 in Polearms
  1269 | D:2      | Reached skill level 1 in Staves
  1269 | D:2      | Reached skill level 1 in Ranged Weapons
  1269 | D:2      | Reached skill level 1 in Throwing
  1269 | D:2      | Reached skill level 1 in Stealth
  1269 | D:2      | Reached skill level 1 in Shields
  1269 | D:2      | Reached skill level 1 in Unarmed Combat
  1269 | D:2      | Reached skill level 1 in Spellcasting
  1269 | D:2      | Reached skill level 1 in Evocations
  2099 | D:3      | Reached XP level 4. HP: 41/41 MP: 7/7
  2163 | D:3      | Found a glowing drain.
  2174 | D:3      | Reached **** piety under Lugonu
  2198 | Sewer    | Entered a sewer
  2223 | Sewer    | Reached skill level 1 in Conjurations
  2223 | Sewer    | Reached skill level 1 in Hexes
  2223 | Sewer    | Reached skill level 1 in Summonings
  2223 | Sewer    | Reached skill level 1 in Necromancy
  2223 | Sewer    | Reached skill level 1 in Translocations
  2223 | Sewer    | Reached skill level 1 in Transmutations
  2223 | Sewer    | Reached skill level 1 in Fire Magic
  2223 | Sewer    | Reached skill level 1 in Ice Magic
  2223 | Sewer    | Reached skill level 1 in Air Magic
  2223 | Sewer    | Reached skill level 1 in Earth Magic
  2223 | Sewer    | Reached skill level 1 in Poison Magic
  2482 | Sewer    | Noticed a kobold brigand
  2485 | Sewer    | Reached XP level 5. HP: 47/47 MP: 8/8
  2489 | Sewer    | Banished a kobold brigand
  2630 | Sewer    | Reached skill level 5 in Invocations
  2663 | Sewer    | Reached ***** piety under Lugonu
  2789 | Sewer    | Noticed a kobold brigand
  2817 | Sewer    | Killed a kobold brigand
  2818 | Sewer    | Reached skill level 5 in Short Blades
  2818 | Sewer    | Reached skill level 5 in Armour
  2818 | Sewer    | Reached XP level 6. HP: 41/53 MP: 9/9
  3184 | D:3      | Found a broken altar of Ashenzari.
  3859 | D:4      | Identified a scroll of acquirement
  3859 | D:4      | Acquired the +1 pair of gloves of Pessimism {rElec rF+ rC-}
  4322 | D:4      | Reached XP level 7. HP: 36/60 MP: 9/11
  4911 | D:5      | Entered Level 5 of the Dungeon
  4911 | D:5      | Noticed Grinder
  4911 | D:5      | Found an iron altar of Okawaru.
  4915 | D:5      | Noticed a vampire
  4916 | D:5      | Killed Grinder
  4931 | D:5      | Noticed Ijyb
  4949 | D:5      | Found a white marble altar of Elyvilon.
  5418 | D:6      | Corrupted D:6
  5418 | D:6      | Noticed a yellow draconian
  5418 | D:6      | Noticed a thrashing horror
  5418 | D:6      | Noticed a cacodemon
  5418 | D:6      | Noticed a purple very ugly thing
  5418 | D:6      | Noticed a shining eye
  5418 | D:6      | Noticed a neqoxec
  5418 | D:6      | Noticed a raiju
  5418 | D:6      | Noticed a blink frog
  5418 | D:6      | Noticed a sun demon
  5418 | D:6      | Noticed a small abomination
  5419 | D:6      | Noticed a large abomination
  5422 | D:6      | Noticed a glowing orange brain
  5427 | D:6      | Noticed a tentacled starspawn
  5428 | D:6      | Noticed a neqoxec
  5428 | D:6      | Noticed Menkaure
  5433 | D:6      | Killed Menkaure
  5451 | D:6      | Noticed a worldbinder
  5785 | D:6      | Reached XP level 8. HP: 67/67 MP: 12/12
  5863 | D:6      | Found an ancient bone altar of Kikubaaqudgha.
  5864 | D:6      | Noticed Blork the orc
  5880 | D:6      | Killed Blork the orc
  6304 | D:5      | Killed Ijyb
  6349 | D:5      | Identified the +1 leather armour of Juoqurowk {Rampage
                  | +Blink Int-4 Dex+2}
  6365 | D:5      | Found a sacrificial altar of Ru.
  6517 | D:5      | Noticed Eustachio
  6533 | D:5      | Killed Eustachio
  6534 | D:5      | Reached XP level 9. HP: 69/73 MP: 14/14
  6658 | D:5      | Found a white marble altar of Elyvilon.
  6811 | D:5      | Found a sacrificial altar of Ru.
  7115 | D:5      | Reached skill level 5 in Dodging
  7258 | D:7      | Found a hide-covered altar of Uskayaw.
  7260 | D:7      | Found a radiant altar of Vehumet.
  7266 | D:7      | Found a staircase to the Ecumenical Temple.
  7322 | D:7      | Identified the +2 ring mail "Quxi" {Rampage rPois rF+
                  | Will++}
  7387 | D:7      | Found a transporter.
  7438 | D:7      | Noticed EmilyW's ghost (novice MiFi)
  7476 | D:7      | Noticed a moth of wrath
  7488 | D:7      | Found a bloodstained altar of Trog.
  7492 | D:7      | Found a blossoming altar of Fedhas.
  7507 | D:7      | Found a transporter.
  7710 | D:7      | Found an ornate altar of the Wu Jian Council.
  7785 | D:8      | Noticed Gastronok
  7797 | D:8      | Killed Gastronok
  7798 | D:8      | Reached skill level 5 in Long Blades
  7798 | D:8      | Reached skill level 5 in Axes
  7798 | D:8      | Reached skill level 5 in Maces & Flails
  7798 | D:8      | Reached skill level 5 in Polearms
  7798 | D:8      | Reached skill level 5 in Staves
  7798 | D:8      | Reached skill level 5 in Ranged Weapons
  7798 | D:8      | Reached skill level 5 in Throwing
  7798 | D:8      | Reached skill level 5 in Stealth
  7798 | D:8      | Reached skill level 5 in Shields
  7798 | D:8      | Reached skill level 5 in Unarmed Combat
  7798 | D:8      | Reached skill level 5 in Spellcasting
  7798 | D:8      | Reached skill level 5 in Evocations
  7798 | D:8      | Reached XP level 10. HP: 58/82 MP: 15/17
  8179 | D:8      | Found a burning altar of Makhleb.
  8224 | D:8      | Noticed an orange demon
  8224 | D:8      | Noticed Amaemon
  8229 | D:8      | Corrupted D:8
  8229 | D:8      | Noticed a thrashing horror
  8229 | D:8      | Noticed a toenail golem
  8229 | D:8      | Noticed a large abomination
  8229 | D:8      | Noticed an apocalypse crab
  8229 | D:8      | Noticed a thrashing horror
  8229 | D:8      | Noticed a large abomination
  8229 | D:8      | Noticed a large abomination
  8229 | D:8      | Noticed a +2 vorpal trident
  8229 | D:8      | Noticed a tentacled starspawn
  8230 | D:8      | Noticed a starcursed mass
  8230 | D:8      | Noticed a large abomination
  8230 | D:8      | Noticed a necromancer
  8231 | D:8      | Noticed a bone dragon
  8231 | D:8      | Noticed a large abomination
  8233 | D:8      | Noticed a thrashing horror
  8234 | D:8      | Killed an orange demon
  8235 | D:8      | Killed Amaemon
  8236 | D:8      | Noticed a thrashing horror
  8241 | D:8      | Noticed a glowing orange brain
  8247 | D:8      | Killed Joseph
  8250 | D:8      | Noticed a tentacled starspawn
  8253 | D:8      | Noticed a starcursed mass
  8283 | D:8      | Noticed a smoke demon
  8285 | D:8      | Noticed a flayed ghost
  8832 | D:8      | Found a basalt altar of Yredelemnul.
  9334 | D:9      | Found a runed translucent door.
  9337 | D:9      | Identified the +4 spear of Responsibility {vorpal, Dex+3}
  9339 | D:9      | Noticed bubby's ghost (novice VSFi)
  9484 | D:9      | Found a stormy altar of Qazlal.
 10097 | D:10     | Entered Level 10 of the Dungeon
 10192 | D:10     | Found a staircase to the Orcish Mines.
 10192 | D:10     | Noticed an unseen horror
 10486 | D:10     | Reached ****** piety under Lugonu
 10631 | D:10     | Reached skill level 5 in Conjurations
 10631 | D:10     | Reached skill level 5 in Hexes
 10631 | D:10     | Reached skill level 5 in Summonings
 10631 | D:10     | Reached skill level 5 in Necromancy
 10631 | D:10     | Reached skill level 5 in Translocations
 10631 | D:10     | Reached skill level 5 in Transmutations
 10631 | D:10     | Reached skill level 5 in Fire Magic
 10631 | D:10     | Reached skill level 5 in Ice Magic
 10631 | D:10     | Reached skill level 5 in Air Magic
 10631 | D:10     | Reached skill level 5 in Earth Magic
 10631 | D:10     | Reached skill level 5 in Poison Magic
 10631 | D:10     | Reached XP level 11. HP: 30/89 MP: 18/20
 11356 | D:10     | Noticed a deep elf pyromancer
 11381 | D:10     | Killed a deep elf pyromancer
 11556 | D:10     | Noticed a deep elf zephyrmancer
 11559 | D:10     | Killed a deep elf zephyrmancer
 11857 | D:10     | Learned a level 3 spell: Mephitic Cloud
 12280 | D:11     | Noticed Maurice
 12281 | D:11     | Found a gate leading to a gauntlet.
 12286 | D:11     | Killed Maurice
 12390 | D:11     | Found a staircase to the Lair.
 12506 | D:11     | Noticed a two-headed ogre
 12522 | D:11     | Killed a two-headed ogre
 12767 | Gauntlet | Entered a Gauntlet
 12767 | Gauntlet | Found a transporter.
 12771 | Gauntlet | Found a transporter.
 12773 | Gauntlet | Found a transporter.
 12774 | Gauntlet | Noticed a cacodemon
 12776 | Gauntlet | Found a transporter.
 12776 | Gauntlet | Found a transporter.
 12777 | Gauntlet | Found a transporter.
 12781 | Gauntlet | Learned a level 2 spell: Blink
 12784 | Gauntlet | Noticed a white ugly thing
 12788 | Gauntlet | Found a transporter.
 12792 | Gauntlet | Noticed a great orb of eyes
 12807 | Gauntlet | Noticed a cyclops
 12808 | Gauntlet | Found a transporter.
 12808 | Gauntlet | Noticed an obsidian statue
 12808 | Gauntlet | Noticed a satyr
 12813 | Gauntlet | Found a transporter.
 12813 | Gauntlet | Noticed a faun
 12813 | Gauntlet | a cyclops changed into a faun
 12813 | Gauntlet | Noticed a radroach
 12813 | Gauntlet | a satyr changed into a radroach
 12815 | Gauntlet | Noticed a mana viper
 12815 | Gauntlet | a dream sheep changed into a mana viper
 12817 | Gauntlet | Found a transporter.
 12819 | Gauntlet | Noticed a salamander
 12819 | Gauntlet | a mana viper changed into a salamander
 12821 | Gauntlet | a salamander changed into a queen bee
 12825 | Gauntlet | Found a transporter.
 12831 | Gauntlet | Noticed a catoblepas
 13112 | Gauntlet | Noticed a minotaur
 13279 | D:11     | Noticed a brown ugly thing
 13293 | D:11     | Killed a brown ugly thing
 13385 | D:11     | Noticed a five-headed hydra
 13428 | D:11     | Corrupted D:11
 13428 | D:11     | Noticed a large abomination
 13431 | D:11     | Noticed a starcursed mass
 13433 | D:11     | Killed a five-headed hydra
 13483 | Lair:1   | Entered Level 1 of the Lair of Beasts
 13641 | Lair:1   | HP: 4/89 [basilisk (3)]
 14187 | Lair:1   | Reached XP level 12. HP: 41/97 MP: 14/22
 14849 | Lair:1   | Acquired the +3 Elemental Staff {rElec rF++ rC++ AC+5}
 14849 | Lair:1   | Found the +3 Elemental Staff {rElec rF++ rC++ AC+5}
 15180 | Lair:2   | Noticed Erica
 15194 | Lair:2   | Reached skill level 10 in Fighting
 15200 | Lair:2   | Killed Erica
 15390 | Lair:2   | You fall into a shaft and drop 2 floors!
 15390 | Lair:4   | Noticed a seven-headed hydra
 15608 | Lair:4   | Noticed Rupert
 15762 | Lair:3   | Noticed a death yak
 15764 | Lair:3   | Noticed a death yak
 15769 | Lair:3   | Corrupted Lair:3
 15769 | Lair:3   | Noticed a thrashing horror
 15769 | Lair:3   | Noticed an Executioner
 15769 | Lair:3   | Noticed a thrashing horror
 15770 | Lair:3   | Noticed a thrashing horror
 15770 | Lair:3   | Noticed a tentacled starspawn
 15772 | Lair:3   | Noticed an ironbound thunderhulk
 15773 | Lair:3   | Noticed a brown very ugly thing
 15774 | Lair:3   | Killed a death yak
 15774 | Lair:3   | Noticed an ironbound thunderhulk
 15775 | Lair:3   | Noticed a cacodemon
 15776 | Lair:3   | Noticed a merfolk aquamancer
 15776 | Lair:3   | Killed a death yak
 15777 | Lair:3   | Noticed a thrashing horror
 15779 | Lair:3   | Noticed a starcursed mass
 15802 | Lair:3   | Found a frozen archway.
 15817 | IceCv    | Entered an ice cave
 15996 | IceCv    | Identified the +1 chain mail of Beyond {Drain rF+++ Int+7}
 16639 | IceCv    | Identified the +1 chain mail of Recklessness {rPois Str+4}
 16641 | IceCv    | Got the Anthology of the Chill
 16882 | IceCv    | Identified the +1 pair of boots of Omission {MP+9}
 17425 | Lair:2   | Noticed Sonja
 17426 | Lair:2   | Noticed Sonja
 17426 | Lair:2   | Sonja changed into Sonja the black mamba
 17445 | Lair:2   | Killed Sonja the black mamba
 17527 | Lair:2   | Found a staircase to the Snake Pit.
 17576 | Lair:2   | Reached skill level 10 in Invocations
 17842 | Lair:2   | Reached XP level 13. HP: 92/104 MP: 25/25
 19064 | Lair:3   | Identified the +4 long sword "Arbiter" {vorpal, rElec
                  | Dex+8}
 19067 | Lair:3   | Identified the +7 chain mail of Qazlal's Displeasure
                  | {Rampage *Slow rC++ Will-}
 19406 | Lair:3   | Learned a level 4 spell: Summon Ice Beast
 19410 | Lair:3   | Learned a level 3 spell: Frozen Ramparts
 20788 | Lair:3   | Identified the +0 leather armour "Neth" {rPois rN+ Int-3}
 20793 | Lair:3   | Acquired a +2 double sword of holy wrath
 20796 | Lair:3   | Acquired the amulet "Hunniek" {rElec rC+++ Regen+ Str+4
                  | Dex-3}
 21176 | Lair:3   | Reached skill level 10 in Short Blades
 21176 | Lair:3   | Reached skill level 10 in Armour
 21265 | Lair:3   | Found a staircase to the Shoals.
 22249 | Lair:4   | Found a staircase to the Slime Pits.
 22249 | Lair:4   | Found a viscous altar of Jiyva.
 22928 | Lair:5   | Entered Level 5 of the Lair of Beasts
 23096 | Lair:4   | Reached XP level 14. HP: 108/113 MP: 27/27
 23524 | Lair:5   | Corrupted Lair:5
 23524 | Lair:5   | Noticed a tentacled starspawn
 23524 | Lair:5   | Noticed a black draconian knight
 23524 | Lair:5   | Noticed a starcursed mass
 23524 | Lair:5   | Noticed a tentacled starspawn
 23524 | Lair:5   | Noticed a tentacled starspawn
 23537 | Lair:5   | Noticed a starcursed mass
 23548 | Lair:5   | Noticed a lich
 25075 | Lair:5   | Found the +18 shield of the Gong {rElec rN+ Will+ EV-5}
 25145 | Lair:5   | Reached skill level 10 in Dodging
 25781 | Lair:5   | Found a corrupted altar of Lugonu.
 25781 | Lair:5   | Found a one-way gate to the infinite horrors of the Abyss.
 26169 | Lair:5   | Learned a level 4 spell: Ice Form
 26360 | Lair:4   | Killed Rupert
 26361 | Lair:4   | Reached skill level 10 in Axes
 26641 | D:12     | Reached skill level 10 in Long Blades
 26641 | D:12     | Reached skill level 10 in Maces & Flails
 26641 | D:12     | Reached skill level 10 in Polearms
 26641 | D:12     | Reached skill level 10 in Staves
 26641 | D:12     | Reached skill level 10 in Ranged Weapons
 26641 | D:12     | Reached skill level 10 in Throwing
 26641 | D:12     | Reached skill level 10 in Stealth
 26641 | D:12     | Reached skill level 10 in Shields
 26641 | D:12     | Reached skill level 10 in Unarmed Combat
 26641 | D:12     | Reached skill level 10 in Spellcasting
 26641 | D:12     | Reached skill level 10 in Evocations
 26854 | D:12     | Noticed Psyche
 26874 | D:12     | Killed Psyche
 27168 | D:12     | Noticed Lodul
 27206 | D:12     | Reached XP level 15. HP: 109/120 MP: 29/29
 27226 | D:12     | Killed Lodul
 27484 | D:12     | Found a glowing silver altar of Zin.
 27641 | D:13     | Found a sacrificial altar of Ru.
 29683 | D:14     | Noticed Nessos
 30453 | D:14     | Killed Nessos
 31270 | D:14     | Corrupted D:14
 31270 | D:14     | Noticed a tentacled starspawn
 31748 | D:14     | Found a gate to the Vaults.
 31964 | D:15     | Entered Level 15 of the Dungeon
 32312 | D:14     | Reached XP level 16. HP: 78/129 MP: 30/30
 32608 | Abyss:1  | HP: 3/129 [poisoned by a skeletal warrior]
 32660 | Abyss:1  | HP: 5/129 [fire crab (3)]
 32845 | Abyss:1  | HP: 5/129 [wolf spider[a worldbinder] (6)]
 32851 | Abyss:1  | Slain by a small abomination

Illustrated notes

Levels and vault maps discovered:
D:1:      ncdulo_smallfort, layout_rooms
D:2:      layout_basic, serial_co_window_serial, co_window_of_opportunity_a,
          co_window_corner_a, co_window_paths_a, co_window_paths_b,
          co_window_paths_a, co_window_paths_b, co_window_paths_a,
          co_window_2corner, co_window_cross_2, co_window_unsneaky_path_d,
          co_window_sun, glass_columns_a, glass_columns_c
D:3:      layout_basic, lemuel_tele_altar, portal_sewer_entry_b, minmay_rat_hole
D:4:      layout_loops_ring, chequers_serial_rivers_large_b
D:5:      layout_basic, overflow_temple_1_default, mainiacjoe_overflow_brackets,
          mainiacjoe_overflow_six_doors_small, hangedman_feature_mirror,
          uniq_grinder, uniq_ijyb, uniq_eustachio
D:6:      layout_cave_pools, tgw_kikubaaqudgha, kb_lookout_dungeons_type,
          grunt_ministairs_12, minivault_25, uniq_menkaure, uniq_blork_the_orc
D:7:      layout_cave_pools, lemuel_crystal_altar, overflow_temple_1_default,
          lemuel_doored_altar, lemuel_crystal_altar,
          gammafunk_ghost_wrathful_warriors
D:8:      layout_basic, yredelemnul_altar_generic, bloody_makhleb,
          dk_vineyard_3, hangedman_decor_peaks_small, uniq_gastronok,
          uniq_joseph, uniq_amaemon
D:9:      layout_roguey, nicolae_qazlal_eye_of_the_storm,
          ebering_ghost_funeral_grove, serial_curves, eino_curves_04,
          eino_curves_02
D:10:     layout_loops_ring, zombieorc2_lemuel, chequers_serial_rivers_small_a,
          hangedman_minor_magic
D:11:     layout_gridville, david_lair_shrubbed, gauntlet_entry_generic,
          uniq_maurice
D:12:     layout_rooms, zin_treasury, uniq_psyche, uniq_lodul
D:13:     layout_basic, nicolae_ru_sacrificial_ziggurat
D:14:     minmay_chambers_of_sevens, layout_rooms, grunt_vaults_entry_fortified,
          nicolae_burly_brawl, uniq_nessos
D:15:     gammafunk_enter_depths_forms, layout_loops_ring,
          nicolae_elyvilon_peaceful_grove
Lair:1:   layout_regular_city, wad_woods_01
Lair:2:   layout_roguey, minmay_snake_entry_six_corridors, st_stairs_9,
          uniq_erica, uniq_sonja
Lair:3:   nzn_winding_woodlands_large [nzn_winding_woodlands_5x5_perimeter,
          nzn_winding_woodlands_5x15_river_crossing,
          nzn_winding_woodlands_5x5_open_star,
          nzn_winding_woodlands_center_triple_pond,
          nzn_winding_woodlands_15x15_boxy_spiral,
          nzn_winding_woodlands_center_garden,
          nzn_winding_woodlands_5x5_checkerboard,
          nzn_winding_woodlands_5x15_twine,
          nzn_winding_woodlands_5x5_closed_star], layout_big_grid,
          elwin_shoals_entry_rooms, portal_ice_cave_rime
Lair:4:   layout_layer_cave, slime_entry_1, lemuel_fruit_fields, uniq_rupert
Lair:5:   hellmonk_lair_end_abyssal_woods, layout_big_grid, ice2_lemuel,
          lemuel_fruit_fields
Abyss:1:  base: Temple, base: Temple, base:
D:9

Skill      XL: |  1  2  3  4  5  6  7  8  9 10 11 12 13 14 15 16 |
---------------+-------------------------------------------------+-----
Long Blades    | 1 2 3 5 6 7 8 9 10 11 | 11.1
Axes           | 1 2 3 5 6 7 8 9 10 11 12 | 12.1
Maces & Flails | 1 2 3 5 6 7 8 9 10 11 | 11.1
Polearms       | 1 2 3 5 6 7 8 9 10 11 | 11.1
Staves         | 1 2 3 5 6 7 8 9 10 11 | 11.1
Ranged Weapons | 1 2 3 5 6 7 8 9 10 11 | 11.1
Throwing       | 1 2 3 5 6 7 8 9 10 11 | 11.1
Stealth        | 1 2 3 5 6 7 8 9 10 11 | 11.1
Shields        | 1 2 3 5 6 7 8 9 10 11 | 11.1
Unarmed Combat | 1 2 3 5 6 7 8 9 10 11 | 11.1
Spellcasting   | 1 2 3 5 6 7 8 9 10 11 | 11.1
Evocations     | 1 2 3 5 6 7 8 9 10 11 | 11.1
Conjurations   | 1 2 3 4 5 6 7 8 9 |  9.3
Hexes          | 1 2 3 4 5 6 7 8 9 |  9.3
Summonings     | 1 2 3 4 5 6 7 8 9 |  9.3
Necromancy     | 1 2 3 4 5 6 7 8 9 |  9.3
Translocations | 1 2 3 4 5 6 7 8 9 |  9.3
Transmutations | 1 2 3 4 5 6 7 8 9 |  9.3
Fire Magic     | 1 2 3 4 5 6 7 8 9 |  9.3
Ice Magic      | 1 2 3 4 5 6 7 8 9 |  9.3
Air Magic      | 1 2 3 4 5 6 7 8 9 |  9.3
Earth Magic    | 1 2 3 4 5 6 7 8 9 |  9.3
Poison Magic   | 1 2 3 4 5 6 7 8 9 |  9.3
Dodging        | 3 4 5 6 7 8 9 10 11 | 11.4
Invocations    | 5 6 7 8 9 10 11 12 | 12.8
Short Blades   | 5 6 7 8 9 10 11 12 | 12.0
Armour         | 5 6 7 8 9 10 11 12 | 12.0
Fighting       | 7 8 9 10 11 12 | 12.8

Action                   |  1- 3 |  4- 6 |  7- 9 | 10-12 | 13-15 | 16-18 || total
-------------------------+-------+-------+-------+-------+-------+-------++-------
Melee: Short sword       |   139 |   341 |    45 |    65 |   952 |       ||  1542
       Bite              |    20 |    26 |    37 |   111 |   219 |    21 ||   434
       Punch             |     4 |     3 |     7 |    24 |    62 |       ||   100
       Mace              |       |       |    14 |       |       |       ||    14
       Dagger            |       |       |    29 |    27 |       |       ||    56
       Flail             |       |       |   143 |   339 |       |       ||   482
       Demon whip        |       |       |       |    13 |    90 |     1 ||   104
       War axe           |       |       |       |    27 |       |       ||    27
       Quarterstaff      |       |       |       |     3 |       |       ||     3
       Staff             |       |       |       |   268 |   304 |     8 ||   580
       Unarmed           |       |       |       |       |    43 |     2 ||    45
       Double sword      |       |       |       |       |   101 |   107 ||   208
 Cast: Mephitic Cloud    |       |       |       |    24 |    24 |     1 ||    49
       Blink             |       |       |       |     4 |     5 |     1 ||    10
       Summon Ice Beast  |       |       |       |       |    17 |     5 ||    22
       Frozen Ramparts   |       |       |       |       |     8 |     4 ||    12
       Ice Form          |       |       |       |       |     5 |     1 ||     6
Invok: Banish            |       |     1 |       |       |     1 |     2 ||     4
       Corrupt           |       |       |     1 |     3 |     2 |       ||     6
       Bend Space        |       |       |       |     1 |     2 |     2 ||     5
       Enter the Abyss   |       |       |       |       |       |     1 ||     1
 Abil: End Transformatio |       |       |       |       |     3 |       ||     3
Evoke: Wand              |       |     1 |    16 |    28 |    16 |    12 ||    73
       Phial of floods   |       |       |       |     1 |     1 |     1 ||     3
       Tin of tremorston |       |       |       |     1 |       |     1 ||     2
       Lightning rod     |       |       |       |       |     3 |     2 ||     5
       Phantom mirror    |       |       |       |       |     1 |     1 ||     2
       Condenser vane    |       |       |       |       |     1 |     1 ||     2
  Use: Scroll            |    15 |     4 |     5 |    18 |    11 |     3 ||    56
       Potion            |       |     2 |     6 |     7 |    19 |     9 ||    43
 Stab: Sleeping          |     1 |       |     3 |    17 |    10 |       ||    31
       Distracted        |       |       |       |     2 |     4 |       ||     6
       Confused          |       |       |       |    19 |     9 |       ||    28
Armor: Leather armour    |    37 |       |    86 |       |       |       ||   123
       Ring mail         |     4 |   173 |    87 |   359 |   522 |    71 ||  1216
       Skin              |       |       |       |       |    20 |     7 ||    27
Dodge: Dodged            |    89 |   217 |   179 |   418 |   448 |    44 ||  1395
Block: Kite shield       |       |       |       |       |   872 |   277 ||  1149
